 Dungeon Crawl Stone Soup version 0.30.1-11-g7821555f0a (webtiles) character file.

Game seed: 2597446841815230534

484 jagang the Trooper (level 7, -7/58 HPs)
             Began as a Barachi Monk on Nov 10, 2023.
             Engulfed by a cloud of steam (9 damage)
             ... in a sewer.
             The game lasted 00:07:44 (2167 turns).

jagang the Trooper (Barachi Monk)                   Turns: 2167, Time: 00:07:44

Health: -7/58      AC: 10    Str: 12    XL:     7   Next: 12%
Magic:  7/7        EV:  8    Int: 11    God:
Gold:   53         SH:  0    Dex: 22    Spells: 6/6 levels left

rFire   . . .        a - +0 falchion
rCold   . . .        d - orb {light}
rNeg    . . .        o - +0 chain mail
rPois   .            (no helmet)
rElec   .            (no cloak)
rCorr   .            j - +0 pair of gloves
SInv    .            (no boots)
Will    .....        (no amulet) Stlth
                     k - +6 ring of dexterity
HPRegen 0.29/turn    (no ring)
MPRegen 0.10/turn

%: no passive effects
@: unable to hop, glowing, slow
A: amphibious, slowness 1, strong legs 1, +LOS
a: Hop


You were in a sewer.
You visited 1 branch of the dungeon, and saw 3 of its levels.
You also visited: Sewer.

You collected 53 gold pieces.

Inventory:

Hand Weapons
 a - a +0 falchion (weapon)
Missiles
 e - 4 boomerangs (quivered)
 r - 9 poisoned darts
Armour
 d - an orb of light (worn)
 j - a +0 pair of gloves (worn)
 o - a +0 chain mail (worn)
Jewellery
 k - a +6 ring of dexterity (left hand)
Wands
 p - a wand of flame (15)
Scrolls
 b - a scroll of poison {unknown}
 g - a scroll of fear {unknown}
 h - 2 scrolls of teleportation {unknown}
 l - a scroll of enchant armour {unknown}
 s - a scroll of brand weapon {unknown}
 t - a scroll of butterflies {unknown}
 v - a scroll of enchant weapon {unknown}
 w - a scroll of identify {unknown}
 x - 3 scrolls of magic mapping {unknown}
Potions
 c - a potion of heal wounds {unknown}
 f - a potion of brilliance {unknown}
 i - a potion of degeneration {unknown}
 m - a potion of resistance {unknown}
 n - a potion of might {unknown}
 q - a potion of curing {unknown}
 u - a potion of flight {unknown}


   Skills:
 * Level 6.2 Fighting
 * Level 6.1 Long Blades
 + Level 3.2 Armour
 + Level 4.5 Dodging


You had 6 spell levels left.
You didn't know any spells.
Your spell library contained the following spells:

 Spells                   Type           Power      Damage    Failure   Level
 Ensorcelled Hibernation  Hex/Ice        0%         N/A       100%        2
 Passwall                 Tmut/Erth      0%         N/A       100%        2
 Swiftness                Air            0%         N/A       100%        3


Dungeon Overview and Level Annotations

Branches:
Dungeon (3/15)              Sewer (1/1)

Altars:
Dithmenos


Innate Abilities, Weirdness & Mutations

You are amphibious.
You cover ground slowly.
You can hop short distances.
You have an extended range of vision and can be seen from far away.


Message History

The bullfrog hits you.
* * * LOW HITPOINT WARNING * * *
The endoplasm barely misses you.
You barely miss the bullfrog.
The bullfrog is severely wounded.
The bullfrog hits you but does no damage.
The endoplasm hits you.
* * * LOW HITPOINT WARNING * * *
The bullfrog hits you.
* * * LOW HITPOINT WARNING * * *
You hit the bullfrog.
The bullfrog is almost dead.
The bullfrog hits you but does no damage.
The endoplasm freezes you.
You are frozen.
* * * LOW HITPOINT WARNING * * *
You hit the bullfrog.
You kill the bullfrog!
The endoplasm freezes you.
You are frozen.
* * * LOW HITPOINT WARNING * * *
Your Long Blades skill increases to level 6!
You have reached level 7!
The endoplasm attacks as you move away!
The endoplasm hits you but does no damage.
You hit the endoplasm.
The endoplasm is severely wounded.
The endoplasm freezes you.
You are frozen.
* * * LOW HITPOINT WARNING * * *
Okay, then.
Okay, then.
Aiming: Throw Flame
Press: ? - help, Shift-Dir - straight line, f - endoplasm
Aim: an endoplasm (severely wounded, haloed, 98% to hit)
The puff of flame hits the endoplasm.
You kill the endoplasm!
You hit the endoplasm but do no damage.
You are engulfed in a cloud of scalding steam.
You die...

##~~†##~~~##≈~~...~~≈≈≈##†~~##.
#.~.~#~.~~#≈~..[$$.~~~≈ #~~~~#~
#∩.~~#~~~~#~..))?..~.~~ #~~~~#~
#.~~~#~~~.#~~~.$~.~~~~≈ #~~~~#~
##.~~##~~~#~~†.~B~~.~≈≈##~~~##~
#~~~~#~~†#.~.~~~~.~≈≈##†~.~#~~
##~.~##.~##.J#~~~≈≈###~.~~##~~
#~.~~##~~#§§#######~~.~~##~.~
##.~~~#†~##J@.~†~~~~..###.~~.
##~~~~~.~#..~..~~~####..~~~#
####~~.#######~∩~#~~~†.~~##
##~~#.....#####~~~~#####
####~~~~~.~.~~~####~.∩#
#~~.#########~....#
#~~~~~~~~~.†..∩.#
#~.~~~~~.~††##### #############


You could see 2 endoplasms.

Vanquished Creatures
  2 bullfrogs (Sewer)
  2 orc priests (D:2)
  Natasha (D:3)
  6 adders
  7 gnolls
  3 river rats (D:3)
  2 dart slugs (D:2)
  4 orcs (D:2)
  13 ball pythons
  6 bats
  15 endoplasms
  9 giant cockroaches
  6 goblins
  7 hobgoblins
  3 kobolds
  8 quokkas
  10 frilled lizards
  9 rats
113 creatures vanquished.

Notes
Turn   | Place    | Note
-------+----------+-------------------------------------------
     0 | D:1      | jagang the Barachi Monk began the quest for the Orb.
     0 | D:1      | Reached XP level 1. HP: 18/18 MP: 1/1
   163 | D:1      | Reached XP level 2. HP: 25/25 MP: 2/2
   270 | D:1      | Reached skill level 1 in Armour
   450 | D:1      | Reached XP level 3. HP: 30/30 MP: 3/3
   764 | D:2      | Reached XP level 4. HP: 17/38 MP: 4/4
  1038 | D:2      | Reached XP level 5. HP: 6/43 MP: 5/5
  1043 | D:2      | Reached skill level 5 in Fighting
  1230 | D:2      | Reached skill level 5 in Long Blades
  1318 | D:2      | Found a shadowy altar of Dithmenos.
  1760 | D:3      | Noticed Natasha
  1768 | D:3      | Killed Natasha
  1782 | D:3      | Identified the +0 war axe of Foumayf {heavy, rN+}
  1792 | D:3      | Reached XP level 6. HP: 17/51 MP: 6/6
  1905 | D:3      | Found a glowing drain.
  1927 | Sewer    | Entered a sewer
  2164 | Sewer    | Reached XP level 7. HP: 4/58 MP: 7/7
  2165 | Sewer    | HP: 2/58 [frozen (3)]
  2167 | Sewer    | Engulfed by a cloud of steam

Illustrated notes

Levels and vault maps discovered:
D:1:      heliophobic_arrival_henge, layout_rooms
D:2:      cheibrodos_pilgrimage, layout_loops_ring, basic_altar
D:3:      layout_rooms, mainiacjoe_overflow_concentric_impassable,
          nicolae_overflow_hallway_of_the_gods, gammafunk_ghost_split,
          portal_sewer_entry_b, wad_floor_pattern_untrapped,
          supply_closet_lemuel, corexii_hall_statues_i, uniq_natasha, uniq_robin
Sewer:    sewer_frog_island_02

Skill      XL: |  1  2  3  4  5  6 |
---------------+-------------------+-----
Fighting       | 4 5 6 |  6.2
Long Blades    | 4 5 6 |  6.1
Armour         | 1 2 3 |  3.2
Dodging        | 4 |  4.5

Action                     |  1- 3 |  4- 6 |  7- 9 || total
---------------------------+-------+-------+-------++-------
  Melee: Falchion          |   100 |   199 |     2 ||   301
  Throw: Boomerang         |       |     1 |       ||     1
Ability: Hop               |       |     3 |       ||     3
  Evoke: Wand              |       |       |     1 ||     1
    Use: Potion            |       |     1 |       ||     1
 Armour: Robe              |     4 |       |       ||     4
         Ring mail         |    38 |    19 |       ||    57
         Chain mail        |       |    76 |     1 ||    77
  Dodge: Dodged            |    77 |   112 |       ||   189
